TOP OF THE 1ST |
Durham Bulls batting - Pitching for Pawtucket Red Sox : RHP Antonio Perez
|
Pitching: RHP Antonio Perez
|
|
Batting: RHB Amari Benton
|
0-0: Fly out, F8 (Flyball, 8RD, EV 98.1 MPH)
|
Batting: LHB Brian Hollinger
|
0-0: Ball 1-0: Ball 2-0: Ball 3-0: Base on Balls
|
Batting: RHB Eugênio Asceno
|
0-0: Foul Ball, location: 2F 0-1: Ball 1-1: Swinging Strike 1-2: Foul Ball, location: 2F 1-2: Foul Ball, location: 2F 1-2: Ball 2-2: Grounds into double play, 5-4-3 (Groundball, 56, EV 103.1 MPH)
|
Top of the 1st over - 0 runs, 0 hits, 0 errors, 0 left on base; Durham 0 - Pawtucket 0 |
BOTTOM OF THE 1ST |
Pawtucket Red Sox batting - Pitching for Durham Bulls : RHP Joel Montenegro
|
Pitching: RHP Joel Montenegro
|
|
Batting: LHB Mike Mentzer
|
0-0: Swinging Strike 0-1: Foul Ball, location: 2F 0-2: Ball 1-2: Ground out 1-3 (Groundball, 13S, EV 69.4 MPH)
|
Batting: SHB Gus Cruz
|
0-0: Foul Ball, location: 2F 0-1: Foul Ball, location: 2F 0-2: Ball 1-2: Ball 2-2: Foul Ball, location: 2F 2-2: Strikes out swinging
|
Batting: SHB Ben Ervin
|
0-0: Called Strike 0-1: Ball 1-1: Foul Ball, location: 2F 1-2: Ball 2-2: Ball 3-2: Fly out, F6 (Line Drive, 6, EV 71.2 MPH)
|
Bottom of the 1st over - 0 runs, 0 hits, 0 errors, 0 left on base; Durham 0 - Pawtucket 0 |
TOP OF THE 2ND |
Durham Bulls batting - Pitching for Pawtucket Red Sox : RHP Antonio Perez
|
Batting: LHB Jimmy Buscemi
|
0-0: Ball 1-0: Ball 2-0: Called Strike 2-1: Foul Ball, location: 2F 2-2: Ball 3-2: DOUBLE (Flyball, 8RXD, EV 96.9 MPH)
|
Batting: SHB Ben Pierce
|
0-0: Ball 1-0: Ball 2-0: Ball 3-0: Base on Balls
|
Batting: RHB Shinji Aizawa
|
0-0: Ball 1-0: Called Strike 1-1: Foul Ball, location: 2F 1-2: Strikes out swinging
|
Batting: LHB Danny Hull
|
0-0: Ball 1-0: Swinging Strike 1-1: Ball 2-1: Ball 3-1: Fielders Choice at 2nd, 1-6 (Groundball, 13S, EV 69.4 MPH) Jimmy Buscemi to third
|
Batting: RHB Kevin Kush
|
0-0: Ball 1-0: Called Strike 1-1: Ball 2-1: Foul Ball, location: 2F 2-2: Strikes out swinging
|
Top of the 2nd over - 0 runs, 1 hit, 0 errors, 2 left on base; Durham 0 - Pawtucket 0 |
BOTTOM OF THE 2ND |
Pawtucket Red Sox batting - Pitching for Durham Bulls : RHP Joel Montenegro
|
Batting: RHB Marty King
|
0-0: Ground out U3 (Groundball, 3, EV 106.9 MPH)
|
Batting: RHB Garry Hash
|
0-0: Ball 1-0: Ball 2-0: Called Strike 2-1: Called Strike 2-2: Ball 3-2: Strikes out looking
|
Batting: RHB Ernie Genier
|
0-0: Fly out, F9 (Flyball, 89D, EV 93.1 MPH)
|
Bottom of the 2nd over - 0 runs, 0 hits, 0 errors, 0 left on base; Durham 0 - Pawtucket 0 |
TOP OF THE 3RD |
Durham Bulls batting - Pitching for Pawtucket Red Sox : RHP Antonio Perez
|
Batting: RHB Jose Herrera
|
0-0: Ball 1-0: Foul Ball, location: 2F 1-1: Swinging Strike 1-2: Strikes out looking
|
Batting: RHB Amari Benton
|
0-0: Fly out, F8 (Line Drive, 8LM, EV 91.2 MPH)
|
Batting: LHB Brian Hollinger
|
0-0: Called Strike 0-1: Ball 1-1: SOLO HOME RUN (Flyball, 89XD, EV 98.8 MPH), Distance : 391 ft
|
Batting: RHB Eugênio Asceno
|
0-0: Called Strike 0-1: Foul Ball, location: 2F 0-2: Ball 1-2: Strikes out swinging
|
Top of the 3rd over - 1 run, 1 hit, 0 errors, 0 left on base; Durham 1 - Pawtucket 0 |
BOTTOM OF THE 3RD |
Pawtucket Red Sox batting - Pitching for Durham Bulls : RHP Joel Montenegro
|
Batting: LHB Justin Wenzel
|
0-0: Ball 1-0: Ball 2-0: Ball 3-0: Called Strike 3-1: Ground out 4-3 (Groundball, 4, EV 109.4 MPH)
|
Batting: RHB Xavier Joslin
|
0-0: Ball 1-0: Called Strike 1-1: Swinging Strike 1-2: Ball 2-2: SINGLE (Groundball, 6MD, EV 107.5 MPH)
|
Batting: LHB Mike Jones
|
0-0: Ball 1-0: Called Strike 1-1: Ball 2-1: Ball 3-1: SINGLE (Groundball, 34D, EV 98.8 MPH) Xavier Joslin to second Runner from 2nd tries for 3rd, SAFE, throw by RF made to third
|
Batting: LHB Mike Mentzer
|
0-0: Called Strike 0-1: Called Strike 0-2: Strikes out swinging
|
Batting: SHB Gus Cruz
|
Pickoff Throw to First - Out! 1-3
|
Bottom of the 3rd over - 0 runs, 2 hits, 0 errors, 1 left on base; Durham 1 - Pawtucket 0 |
TOP OF THE 4TH |
Durham Bulls batting - Pitching for Pawtucket Red Sox : RHP Antonio Perez
|
Batting: LHB Jimmy Buscemi
|
0-0: Ground out 5-3 (Groundball, 56, EV 97.5 MPH)
|
Batting: SHB Ben Pierce
|
0-0: Called Strike 0-1: Foul Ball, location: 2F 0-2: Ball 1-2: SINGLE (Groundball, 34D, EV 85.6 MPH) (infield hit)
|
Batting: RHB Shinji Aizawa
|
0-0: Ball 1-0: Ball 2-0: SINGLE (Groundball, 6D, EV 97.5 MPH) Ben Pierce to second
|
Batting: LHB Danny Hull
|
0-0: Fly out, F4 (Line Drive, 4, EV 68.8 MPH)
|
Batting: RHB Kevin Kush
|
0-0: Called Strike 0-1: Swinging Strike 0-2: Ball 1-2: Ball 2-2: Ball 3-2: Strikes out swinging
|
Top of the 4th over - 0 runs, 2 hits, 0 errors, 2 left on base; Durham 1 - Pawtucket 0 |
BOTTOM OF THE 4TH |
Pawtucket Red Sox batting - Pitching for Durham Bulls : RHP Joel Montenegro
|
Batting: SHB Gus Cruz
|
0-0: Ground out 1-3 (Groundball, 34S, EV 67.5 MPH)
|
Batting: SHB Ben Ervin
|
0-0: Called Strike 0-1: Foul Ball, location: 2F 0-2: Ball 1-2: Ground out 3-1 (Groundball, 34S, EV 84.4 MPH)
|
Batting: RHB Marty King
|
0-0: Ball 1-0: Foul Ball, location: 2F 1-1: Ground out 6-3 (Groundball, 6, EV 85.6 MPH)
|
Bottom of the 4th over - 0 runs, 0 hits, 0 errors, 0 left on base; Durham 1 - Pawtucket 0 |
TOP OF THE 5TH |
Durham Bulls batting - Pitching for Pawtucket Red Sox : RHP Antonio Perez
|
Batting: RHB Jose Herrera
|
0-0: Ball 1-0: Ball 2-0: Called Strike 2-1: SINGLE (Groundball, 6S, EV 68.8 MPH) (infield hit)
|
Batting: RHB Amari Benton
|
0-0: Ball 1-0: Ball 2-0: Ball 3-0: Called Strike 3-1: Base on Balls Jose Herrera to second
|
Batting: LHB Brian Hollinger
|
0-0: Grounds into double play, 3-6-3 (Groundball, 34S, EV 88.8 MPH) Jose Herrera to third
|
Batting: RHB Eugênio Asceno
|
0-0: Ball 1-0: Called Strike 1-1: Fly out, F4 (Flyball, 3D, EV 91.2 MPH)
|
Top of the 5th over - 0 runs, 1 hit, 0 errors, 1 left on base; Durham 1 - Pawtucket 0 |
BOTTOM OF THE 5TH |
Pawtucket Red Sox batting - Pitching for Durham Bulls : RHP Joel Montenegro
|
Batting: RHB Garry Hash
|
0-0: Called Strike 0-1: Ball 1-1: Called Strike 1-2: Strikes out looking
|
Batting: RHB Ernie Genier
|
0-0: Foul Ball, location: 2F 0-1: Ball 1-1: Called Strike 1-2: Foul Ball, location: 2F 1-2: Foul Ball, location: 2F 1-2: Foul Ball, location: 2F 1-2: Strikes out swinging
|
Batting: LHB Justin Wenzel
|
0-0: Ball 1-0: Foul Ball, location: 2F 1-1: Ball 2-1: Foul Ball, location: 2F 2-2: Ball 3-2: Ground out U3 (Groundball, 3, EV 81.9 MPH)
|
Bottom of the 5th over - 0 runs, 0 hits, 0 errors, 0 left on base; Durham 1 - Pawtucket 0 |
TOP OF THE 6TH |
Durham Bulls batting - Pitching for Pawtucket Red Sox : RHP Antonio Perez
|
Batting: LHB Jimmy Buscemi
|
0-0: Foul Ball, location: 2F 0-1: Fly out, F9 (Flyball, 9S, EV 93.8 MPH)
|
Batting: SHB Ben Pierce
|
0-0: Ball 1-0: Called Strike 1-1: Foul Ball, location: 2F 1-2: Fly out, F6 (Popup, 6MD, EV 73.8 MPH)
|
Batting: RHB Shinji Aizawa
|
0-0: Foul Ball, location: 2F 0-1: Reached on error, E6 (Groundball, 6, EV 103.8 MPH)
|
Batting: LHB Danny Hull
|
0-0: DOUBLE (Line Drive, 9LD, EV 103.1 MPH) Shinji Aizawa to third Runner from 3rd tries for Home, SAFE, no throw by RF
|
Batting: RHB Kevin Kush
|
0-0: Called Strike 0-1: Ball 1-1: Ball 2-1: SINGLE (Groundball, 4D, EV 108.1 MPH) Danny Hull to third Runner from 3rd tries for Home, SAFE, throw by CF to home
|
Batting: RHB Jose Herrera
|
0-0: Called Strike Kevin Kush is caught stealing 2nd base 2-4
|
Top of the 6th over - 2 runs, 2 hits, 1 error, 0 left on base; Durham 3 - Pawtucket 0 |
BOTTOM OF THE 6TH |
Pawtucket Red Sox batting - Pitching for Durham Bulls : RHP Joel Montenegro
|
Batting: RHB Xavier Joslin
|
0-0: Called Strike 0-1: Ground out 1-3 (Groundball, P, EV 67.5 MPH)
|
Batting: LHB Mike Jones
|
0-0: Ball 1-0: Fly out, F9 (Flyball, 9LD, EV 96.2 MPH)
|
Batting: LHB Mike Mentzer
|
0-0: Foul Ball, location: 2F 0-1: Foul Ball, location: 2F 0-2: Ball 1-2: Strikes out swinging
|
Bottom of the 6th over - 0 runs, 0 hits, 0 errors, 0 left on base; Durham 3 - Pawtucket 0 |
TOP OF THE 7TH |
Durham Bulls batting - Pitching for Pawtucket Red Sox : RHP Antonio Perez
|
Batting: RHB Jose Herrera
|
0-0: Called Strike 0-1: Ball 1-1: Ball 2-1: Called Strike 2-2: Fly out, F8 (Flyball, 89M, EV 83.8 MPH)
|
Batting: RHB Amari Benton
|
0-0: Ball 1-0: Called Strike 1-1: DOUBLE (Line Drive, 9LS, EV 108.1 MPH)
|
Batting: LHB Brian Hollinger
|
0-0: Ball 1-0: Ground out 6-3 (Groundball, 4M, EV 81.2 MPH) Amari Benton to third
|
Pitching: RHP Roger Warren
|
|
Batting: RHB Eugênio Asceno
|
0-0: Ball 1-0: Ball 2-0: Called Strike 2-1: Ball 3-1: Ground out 6-3 (Groundball, 6S, EV 68.1 MPH)
|
Top of the 7th over - 0 runs, 1 hit, 0 errors, 1 left on base; Durham 3 - Pawtucket 0 |
BOTTOM OF THE 7TH |
Pawtucket Red Sox batting - Pitching for Durham Bulls : RHP Joel Montenegro
|
Batting: SHB Gus Cruz
|
0-0: Ball 1-0: Foul Ball, location: 2F 1-1: Ball 2-1: Fly out, F9 (Flyball, 9LM, EV 76.2 MPH)
|
Batting: SHB Ben Ervin
|
0-0: Ball 1-0: Ball 2-0: Swinging Strike 2-1: Ball 3-1: Called Strike 3-2: Fly out, F8 (Line Drive, 8LD, EV 101.9 MPH)
|
Batting: RHB Marty King
|
0-0: Ground out U3 (Groundball, 34, EV 86.9 MPH)
|
Bottom of the 7th over - 0 runs, 0 hits, 0 errors, 0 left on base; Durham 3 - Pawtucket 0 |
TOP OF THE 8TH |
Durham Bulls batting - Pitching for Pawtucket Red Sox : RHP Roger Warren
|
Batting: LHB Jimmy Buscemi
|
0-0: Ball 1-0: Ball 2-0: Ground out 6-3 (Groundball, 4, EV 90.0 MPH)
|
Batting: SHB Ben Pierce
|
0-0: Ball 1-0: Ball 2-0: Called Strike 2-1: Foul Ball, location: 2F 2-2: Ball 3-2: Base on Balls
|
Batting: RHB Shinji Aizawa
|
0-0: Called Strike 0-1: Called Strike 0-2: Ball 1-2: Ball 2-2: Strikes out swinging
|
Batting: LHB Danny Hull
|
0-0: Ball 1-0: Ball 2-0: Ball 3-0: Called Strike 3-1: Foul Ball, location: 2F 3-2: Foul Ball, location: 2F 3-2: Foul Ball, location: 2F 3-2: TRIPLE (Flyball, 89XD, EV 105.0 MPH) Ben Pierce scores
|
Batting: RHB Kevin Kush
|
0-0: Called Strike 0-1: Ball 1-1: Foul Ball, location: 2F 1-2: Foul Ball, location: 2F 1-2: Ball 2-2: Ball 3-2: Base on Balls
|
Pitching: RHP Josh Weiser
|
|
Batting: RHB Jose Herrera
|
0-0: Ball 1-0: Ball 2-0: DOUBLE (Line Drive, 5D, EV 108.1 MPH) Danny Hull scores Kevin Kush to third
|
Batting: RHB Amari Benton
|
0-0: Called Strike 0-1: Ball 1-1: Ball 2-1: Ground out 4-3 (Groundball, 4S, EV 80.6 MPH)
|
Top of the 8th over - 2 runs, 2 hits, 0 errors, 2 left on base; Durham 5 - Pawtucket 0 |
BOTTOM OF THE 8TH |
Pawtucket Red Sox batting - Pitching for Durham Bulls : RHP Joel Montenegro
|
Batting: RHB Garry Hash
|
0-0: Called Strike 0-1: Called Strike 0-2: Strikes out swinging
|
Batting: RHB Ernie Genier
|
0-0: Ball 1-0: Foul Ball, location: 2F 1-1: Foul Ball, location: 2F 1-2: Foul Ball, location: 2F 1-2: Foul Ball, location: 2F 1-2: Ball 2-2: SOLO HOME RUN (Flyball, 9D, EV 98.1 MPH), Distance : 357 ft
|
Batting: LHB Justin Wenzel
|
0-0: Called Strike 0-1: Swinging Strike 0-2: Strikes out swinging
|
Batting: RHB Xavier Joslin
|
0-0: Called Strike 0-1: Ball 1-1: Ball 2-1: Fly out, F8 (Flyball, 8LXD, EV 100.0 MPH)
|
Bottom of the 8th over - 1 run, 1 hit, 0 errors, 0 left on base; Durham 5 - Pawtucket 1 |
TOP OF THE 9TH |
Durham Bulls batting - Pitching for Pawtucket Red Sox : RHP Josh Weiser
|
Pitching: RHP John Jordan
|
|
Batting: LHB Brian Hollinger
|
0-0: Fly out, F8 (Flyball, 8LXD, EV 87.5 MPH)
|
Batting: RHB Eugênio Asceno
|
0-0: Called Strike 0-1: Reached on error, E6 (Groundball, 6, EV 83.1 MPH)
|
Batting: LHB Jimmy Buscemi
|
0-0: Ball 1-0: Ball 2-0: Ball 3-0: Base on Balls Eugênio Asceno to second
|
Batting: SHB Ben Pierce
|
0-0: Ball 1-0: Called Strike 1-1: Foul Ball, location: 2F 1-2: Ball 2-2: Foul Ball, location: 2F 2-2: Grounds into double play, 4-6-3 (Groundball, 4, EV 91.2 MPH)
|
Top of the 9th over - 0 runs, 0 hits, 1 error, 1 left on base; Durham 5 - Pawtucket 1 |
BOTTOM OF THE 9TH |
Pawtucket Red Sox batting - Pitching for Durham Bulls : RHP Joel Montenegro
|
Pitching: RHP Jim Averette
|
|
Batting: LHB Mike Jones
|
0-0: Ball 1-0: Ground out 6-3 (Groundball, 6, EV 105.6 MPH)
|
Batting: LHB Mike Mentzer
|
0-0: Ball 1-0: Ball 2-0: Swinging Strike 2-1: Called Strike 2-2: Ball 3-2: Base on Balls
|
Batting: SHB Gus Cruz
|
0-0: Fielders Choice at 2nd, 4-6 (Groundball, 4, EV 88.1 MPH)
|
Batting: SHB Ben Ervin
|
0-0: Fielders Choice at 2nd, U6 (Groundball, 6M, EV 85.0 MPH)
|
Bottom of the 9th over - 0 runs, 0 hits, 0 errors, 1 left on base; Durham 5 - Pawtucket 1 |
|